 Dungeon Crawl Stone Soup version 0.29-a0-551-gffc1d7fb78 (webtiles) character file.

Game seed: 16207591530883113395

6 vulpzor the Insei (level 1, 0/13 HPs)
             Began as an Octopode Transmuter on June 5, 2022.
             Frozen to death by an endoplasm (2 damage)
             ... on level 1 of the Dungeon.
             The game lasted 00:00:35 (72 turns).

vulpzor the Insei (Octopode Transmuter)               Turns: 72, Time: 00:00:36

Health: 0/13       AC:  1    Str:  9    XL:     1   Next: 90%
Magic:  3/3        EV: 13    Int: 15    God:
Gold:   0          SH:  0    Dex: 12    Spells: 3/4 levels left

rFire   . . .      SeeInvis .     - Unarmed
rCold   . . .      Faith    .   (no shield)
rNeg    . . .      Spirit   .   (helmet restricted)
rPois   .          Reflect  .   (no amulet)
rElec   .          Harm     .   (no ring)
rCorr   .          Rampage  .   (no ring)
Will    .....                   (no ring)
Stlth   ++........              (no ring)
HPRegen 0.04/turn               (no ring)
MPRegen 0.08/turn               (no ring)
                                (no ring)
                                (no ring)

@: no status effects
A: almost no armour, amphibious, 8 rings, camouflage 1, gelatinous body 1,
(nimble swimmer 1), tentacles
a: no special abilities


You were on level 1 of the Dungeon.
You visited 1 branch of the dungeon, and saw 1 of its levels.

Inventory:

Potions
 a - a potion of lignification
 b - a potion of invisibility {unknown}


   Skills:
 + Level 1.0 Fighting
 + Level 2.0 Dodging
 + Level 3.2 Unarmed Combat
 + Level 2.1 Spellcasting
 + Level 2.0 Transmutations


You had 3 spell levels left.
You knew the following spells:

 Your Spells              Type           Power      Damage    Failure   Level
a - Beastly Appendage     Tmut           14%        N/A       10%         1

Your spell library contained the following spells:

 Spells                   Type           Power      Damage    Failure   Level
 Wereblood                Tmut           7%         N/A       14%         2
 Spider Form              Tmut/Pois      4%         N/A       41%         3
 Ice Form                 Ice/Tmut       4%         N/A       82%         4


Dungeon Overview and Level Annotations

Branches:
Dungeon (1/15)

Altars:


Innate Abilities, Weirdness & Mutations

You cannot wear most types of armour.
You are amphibious.
You can wear up to eight rings at the same time.
Your skin changes colour to match your surroundings (Stealth+).
Your rubbery body absorbs attacks. (AC +1, EV +1)
((You are camouflaged when in or above water. (Stealth+)))
You have tentacles for arms and can constrict up to eight enemies at once.


Message History

The dart slug closely misses you.
You tentacle-slap the dart slug.
The dart slug is moderately wounded.
You constrict the dart slug. You tentacle-slap the dart slug.
You squeeze the dart slug.
You kill the dart slug!
Your transformation is almost over.
Found a scroll labelled DAERRIM ZAOMIQ.
A quokka comes into view.
The quokka bites you.
You barely miss the quokka. You grab the quokka. You squeeze the quokka.
The quokka is moderately wounded.
Your tentacle spike disappears.
You constrict the quokka. The quokka bites you.
* * * LOW HITPOINT WARNING * * *
The quokka misses you.
You tentacle-slap the quokka. Your squeeze misses the quokka.
The quokka is severely wounded.
You constrict the quokka. The quokka closely misses you.
You tentacle-slap the quokka.
You kill the quokka!
b - a viscous cyan potion
Found 16 gold pieces.
Found 5 gold pieces.
An endoplasm comes into view.
Found 9 gold pieces.
Found a stone staircase leading down.
A rat comes into view.
Found a ring mail.
A bat and a goblin come into view.
The endoplasm quivers.
You see here a +0 pair of gloves.
You tentacle-slap the rat.
You kill the rat!
The endoplasm hits you but does no damage.
The endoplasm misses you.
You tentacle-slap the endoplasm.
The endoplasm is severely wounded.
The endoplasm freezes you.
You are frozen.
You die...

#.......# #.......# ..
.......# ....$..##.#
.......# #..#.....[# .
......# ##.....$.$.. ..
.....###...........
...####..##.............
......#........[@J.....b
...##............†......
........................
######............?..>.g
#####.........#........
#......##..............
#.###.#.......######...
..###.#........... ...
........########## ..


You could see an endoplasm, a goblin (asleep) and a bat (asleep).

Vanquished Creatures
  A dart slug (D:1)
  An endoplasm (D:1)
  A quokka (D:1)
  A rat (D:1)
4 creatures vanquished.

Notes
Turn   | Place    | Note
-------+----------+-------------------------------------------
     0 | D:1      | vulpzor the Octopode Transmuter began the quest for the
                  | Orb.
     0 | D:1      | Reached XP level 1. HP: 13/13 MP: 3/3
    72 | D:1      | Frozen to death by an endoplasm

Illustrated notes

Levels and vault maps discovered:
D:1:      dpeg_arrival_line_fractal, layout_rooms

Action                   || total
-------------------------++-------
Melee: Unarmed           ||    13
       Constrict         ||     2
       Tentacles         ||     2
 Cast: Beastly Appendage ||     1
 Stab: Sleeping          ||     1
Armor: Skin              ||     1
Dodge: Dodged            ||     8

Table legend: (Time is in decaauts)
 A = Elapsed time spent in this place.
 B = Non-inter-level travel time spent in this place.
 C = Inter-level travel time spent in this place.
 D = Time resting spent in this place.
 E = Time spent auto-exploring this place.
 F = Levels seen in this place.
 G = Mean time per level.
                   A        B        C        D        E       F      G
               +--------+--------+--------+--------+--------+-----+--------+
         Total |     71 |     71 |      0 |      0 |     13 |   1 |   71.0 |
       Dungeon |     71 |     71 |      0 |      0 |     13 |   1 |   71.0 |
               +--------+--------+--------+--------+--------+-----+--------+

Top non-repeatable levels by time:
     D:1: 71 daAuts
